 Dungeon Crawl Stone Soup version 0.31-a0-344-gd109795599 (webtiles) character file.

Game seed: 13078967582447021116

5235 LustLizard the Grappler (level 10, -1/71 HPs)
             Began as an Octopode Shapeshifter on July 21, 2023.
             Was an Initiate of Gozag.
             Slain by a gnoll
             ... wielding a +0 halberd
             ... led by a gnoll sergeant
              (11 damage)
             ... on level 9 of the Dungeon.
             The game lasted 00:13:31 (8392 turns).

LustLizard the Grappler (Octopode Shapeshifter)     Turns: 8392, Time: 00:13:31

Health: -1/71      AC:  5    Str: 24    XL:     10   Next: 61%
Magic:  10/10      EV: 14    Int: 11    God:    Gozag
Gold:   1177       SH:  0    Dex: 13    Spells: 9/9 levels left

rFire   . .          .
                       - Unarmed
rCold   . . .        (no shield)
rNeg    + . .        (helmet currently unavailable)
rPois   .            (no amulet)
rElec   .            d - ring of willpower
rCorr   .            w - +4 ring of protection
SInv    .            G - ring of positive energy
Will    +....        I - ring of flight
Stlth   ++           H - +6 ring of strength
HPRegen 0.31/turn    (no ring)
MPRegen 0.12/turn    (no ring)
                     (no ring)

%: no passive effects
@: lethally poisoned (-1 -> -4), about to teleport, beast-form, flying
A: beast (slay +4), almost no armour, amphibious, 8 rings, camouflage 1,
gelatinous body 1, (nimble swimmer 1), tentacles
a: Begin Untransformation, Renounce Religion, Potion Petition, Call Merchant,
Bribe Branch


You were on level 9 of the Dungeon.
You worshipped Gozag.
Gozag was most pleased with you.
You were a hulking beast.
You visited 1 branch of the dungeon, and saw 9 of its levels.
You also visited: Sewer.

You collected 1251 gold pieces.
You paid 74 gold pieces to Gozag.

Inventory:

Missiles
 e - 20 poisoned darts
 k - 6 datura-tipped darts
Jewellery
 d - a ring of willpower (left tentacle)
 w - a +4 ring of protection (right tentacle)
 E - a ring of fire
 G - a ring of positive energy (on tentacle)
 H - a +6 ring of strength (on tentacle)
 I - a ring of flight (on tentacle)
Talismans
 b - a beast talisman
Wands
 o - a wand of acid (11)
 p - a wand of flame (13)
 A - a wand of polymorph (13)
Scrolls
 c - a scroll of teleportation
 h - a scroll of amnesia {unknown}
 i - 2 scrolls of poison
 j - a scroll of acquirement {unknown}
 q - 2 scrolls of blinking {unknown}
 r - 2 scrolls of enchant weapon {unknown}
 s - a scroll of fog {unknown}
 t - a scroll of butterflies {unknown}
 x - a scroll of silence {unknown}
 y - 3 scrolls of fear {unknown}
 B - 2 scrolls of vulnerability {unknown}
 C - a scroll of immolation {unknown}
 D - a scroll of torment {unknown}
Potions
 a - 6 potions of lignification
 f - 3 potions of might
 g - 3 potions of curing
 l - a potion of cancellation
 m - a potion of brilliance
 n - 2 potions of enlightenment
 u - a potion of resistance
 v - 2 potions of ambrosia
 F - a potion of heal wounds


   Skills:
 + Level 7.4 Fighting
 + Level 4.4 Dodging
 * Level 11.0 Unarmed Combat
 + Level 6.9 Shapeshifting


You had 9 spell levels left.
You didn't know any spells.
Your spell library contained the following spells:

 Spells                   Type           Power      Damage    Failure   Level
 Sandblast                Erth           0%         2d4       34%         1
 Sting                    Tmut/Pois      0%         1d3       34%         1
 Passwall                 Tmut/Erth      0%         N/A       47%         2
 Poisonous Vapours        Pois/Air       0%         N/A       47%         2
 Portal Projectile        Hex/Tloc       0%         N/A       71%         3
 Stone Arrow              Conj/Erth      0%         3d7       71%         3
 Summon Guardian Golem    Hex/Summ       0%         N/A       71%         3
 Tukima's Dance           Hex            0%         N/A       71%         3
 Iskenderun's Mystic Bla  Conj/Tloc      0%         2d3       98%         4
 Olgreb's Toxic Radiance  Pois           0%         N/A       98%         4
 Orb of Destruction       Conj           0%         9d5       100%        7
 Spellforged Servitor     Conj/Summ      0%         N/A       100%        7


Dungeon Overview and Level Annotations

Branches:
Dungeon (9/15)             Temple (0/1) D:7            Lair (0/5) D:9
  Sewer (visited)
    Orc: D:9-12

Altars:
Ashenzari
Cheibriados
Dithmenos
Gozag
Kikubaaqudgha
Makhleb
Ru
Vehumet
Wu Jian

Shops:
D:6 (


Innate Abilities, Weirdness & Mutations

You are a hulking beast.
Your limbs bulge with bestial killing power. (Slay +4)
You cannot wear most types of armour.
You are amphibious.
You can wear up to eight rings at the same time.
Your skin changes colour to match your surroundings (Stealth+).
Your rubbery body absorbs attacks. (AC +1, EV +1)
((You are camouflaged when in or above water. (Stealth+)))
You have tentacles for arms and can constrict up to eight enemies at once.


Message History

You tear a large gash into the net.
You feel sick.
The gnoll sergeant hits you from afar with a +0 spear of venom!
You shred the net and break free!
You feel sick.
The gnoll sergeant hits you from afar with a +0 spear of venom!
You are more poisoned.
You feel very sick.
You feel very sick.
You feel very sick.
You feel very sick.
You feel sick.
You feel sick.
You feel sick.
You feel sick.
You feel sick.
You feel sick.
You feel sick.
There is a stone staircase leading down here.
You feel sick.
You are no longer poisoned.
The gnoll sergeant hits you from afar with a +0 spear of venom.
* * * LOW HITPOINT WARNING * * *
You are poisoned.
* * * LOW HITPOINT WARNING * * *
You feel very sick.
The gnoll sergeant hits you from afar with a +0 spear of venom!
* * * LOW HITPOINT WARNING * * *
* * * LOW HITPOINT WARNING * * *
You feel very sick.
You feel better. The gnoll misses you.
The gnoll sergeant hits you from afar with a +0 spear of venom.
* * * LOW HITPOINT WARNING * * *
You are poisoned.
You feel sick.
You feel sick.
As you read the scroll of teleportation, it crumbles to dust.
You feel strangely unstable.
You feel sick.
The gnoll sergeant hits you but does no damage.
The gnoll hits you from afar with a +0 halberd!
You die...
Your body crumbles into a pile of gold.

#........# #..#...#.# .#
######### #### #........###.###
#.......# .... #...............
#.......# ....
#..#..##..#.######.......#######
#...........#..........>........
#...........######...####.....##
#.#..###....######g..##.........
#........<..#..h.g...#..........
#.....).....+)...g..............
#...).......########.......>....
#..)).o.o.o......# ##...........
#..)########...#.#...#........P.
#.#)# #.....######.........
#.))# #........# ###...).##
#...# #...###..# #.##..... #.#.#
#...###..# #.###....


You could see a gnoll sergeant and 2 gnolls.

Vanquished Creatures
  Pikel (D:5)
  An elephant (D:9)
  Maggie (D:7)
  Sigmund (D:3)
  A vampire (D:9)
  A yak (D:9)
  A basilisk (D:9)
  A steam dragon (D:7)
  Eustachio (D:5)
  Menkaure (D:4)
  A water moccasin (D:7)
  4 orc warriors
  A black bear (D:9)
  A sky beast (D:8)
  An ice beast (D:8)
  An ogre (D:4)
  2 centaurs
  2 lemures (D:5)
  2 phantoms
  A kobold brigand (D:9)
  A gnoll sergeant (D:9)
  2 bullfrogs
  A scorpion (D:6)
  15 killer bees
  2 howler monkeys
  2 jellies (D:6)
  4 hounds
  A gnoll bouda (D:8)
  7 orc priests
  Ijyb (D:3)
  A hell rat (Sewer)
  An iguana (D:4)
  A sleepcap (D:6)
  9 orc wizards
  7 gnolls
  4 adders
  2 river rats (D:3)
  A shadow imp (D:7)
  A white imp (D:6)
  2 ufetubi
  3 worms
  A dart slug (D:5)
  45 orcs
  A bat (D:1)
  8 endoplasms
  2 giant cockroaches
  6 hobgoblins
  12 kobolds
  4 quokkas
  4 ball pythons
  A frilled lizard (D:1)
  4 goblins
  11 rats
193 creatures vanquished.

Notes
Turn   | Place    | Note
-------+----------+-------------------------------------------
     0 | D:1      | LustLizard the Octopode Shapeshifter began the quest for
                  | the Orb.
     0 | D:1      | Reached XP level 1. HP: 13/13 MP: 1/1
   204 | D:1      | Reached XP level 2. HP: 18/18 MP: 2/2
  1308 | D:2      | Reached XP level 3. HP: 18/23 MP: 3/3
  1806 | D:3      | Noticed Sigmund
  1810 | D:3      | Killed Sigmund
  1811 | D:3      | Reached skill level 4 in Unarmed Combat
  1811 | D:3      | Reached XP level 4. HP: 30/30 MP: 4/4
  1811 | D:3      | Reached XP level 5. HP: 35/35 MP: 5/5
  1933 | D:3      | Noticed Ijyb
  1941 | D:3      | Killed Ijyb
  1942 | D:3      | Reached skill level 5 in Unarmed Combat
  1942 | D:3      | Reached XP level 6. HP: 24/41 MP: 6/6
  2074 | D:3      | Found a glowing drain.
  2078 | Sewer    | Entered a sewer
  2402 | D:3      | Found a radiant altar of Vehumet.
  2819 | D:4      | Reached XP level 7. HP: 30/46 MP: 7/7
  3186 | D:4      | Reached skill level 6 in Unarmed Combat
  3224 | D:4      | Noticed Menkaure
  3237 | D:4      | Killed Menkaure
  3526 | D:4      | Found a burning altar of Makhleb.
  3663 | D:5      | Entered Level 5 of the Dungeon
  3664 | D:5      | Found an opulent altar of Gozag.
  3728 | D:5      | Became a worshipper of Gozag Ym Sagoz the Greedy
  3847 | D:5      | Noticed Eustachio
  4036 | D:5      | Reached XP level 8. HP: 54/54 MP: 8/8
  4149 | D:5      | Killed Eustachio
  4150 | D:5      | Reached skill level 7 in Unarmed Combat
  4398 | D:5      | Noticed Pikel
  4405 | D:5      | Killed Pikel
  4406 | D:5      | Reached skill level 5 in Fighting
  4406 | D:5      | Reached skill level 8 in Unarmed Combat
  4406 | D:5      | Reached skill level 5 in Shapeshifting
  4626 | D:6      | Found Riwk's Antique Weapon Shop.
  4925 | D:6      | Reached XP level 9. HP: 55/61 MP: 9/9
  5118 | D:6      | Found a broken altar of Ashenzari.
  5123 | D:6      | Saw a vision of the Shoals and the Snake Pit.
  5123 | D:6      | Noticed a wind drake
  5123 | D:6      | Noticed a merfolk aquamancer
  5123 | D:6      | Noticed a wind drake
  5123 | D:6      | Noticed a sea snake
  5123 | D:6      | Noticed a merfolk impaler
  5123 | D:6      | Noticed a manticore
  5123 | D:6      | Noticed a water nymph
  5123 | D:6      | Noticed a skyshark
  5123 | D:6      | Noticed a merfolk aquamancer
  5123 | D:6      | Noticed a naga ritualist
  5123 | D:6      | Noticed a black mamba
  5123 | D:6      | Noticed a naga mage
  5123 | D:6      | Noticed a naga mage
  5123 | D:6      | Noticed a naga mage
  5124 | D:6      | Noticed a harpy
  5124 | D:6      | Noticed a naga sharpshooter
  5124 | D:6      | Noticed a mana viper
  5124 | D:6      | Noticed a naga mage
  5126 | D:6      | Noticed a naga sharpshooter
  5343 | D:7      | Reached skill level 9 in Unarmed Combat
  5384 | D:7      | Found a staircase to the Ecumenical Temple.
  5454 | D:7      | Noticed Maggie
  5464 | D:7      | Killed Maggie
  6008 | D:7      | Found an ancient bone altar of Kikubaaqudgha.
  6048 | D:7      | Found a sacrificial altar of Ru.
  6608 | D:7      | Found a snail-covered altar of Cheibriados.
  6625 | D:7      | Found an ornate altar of the Wu Jian Council.
  6775 | D:8      | Reached skill level 10 in Unarmed Combat
  6971 | D:8      | Reached XP level 10. HP: 53/69 MP: 10/10
  7306 | D:8      | Found a shadowy altar of Dithmenos.
  8158 | D:9      | Found a staircase to the Lair.
  8159 | D:9      | Noticed an elephant
  8179 | D:9      | Killed an elephant
  8185 | D:9      | Reached skill level 11 in Unarmed Combat
  8392 | D:9      | Slain by a gnoll

Illustrated notes

Levels and vault maps discovered:
D:1:      spicycebolla_arrival_ecumenical, layout_loops_corners,
          serial_co_window_serial, co_window_of_opportunity_a,
          co_window_paths_a, co_window_of_opportunity_a,
          co_window_of_opportunity_a, co_window_corner_a, co_window_2corner,
          co_window_of_opportunity_c, co_window_corner_cb, co_window_4corner_b,
          co_window_4corner_a, glass_columns_c, glass_columns_b,
          glass_columns_a, glass_columns_a, glass_columns_a
D:2:      layout_basic
D:3:      layout_loops_cross, mainiacjoe_overflow_concentric_impassable,
          gup_sewer_entry_spiral, uniq_ijyb, uniq_sigmund
D:4:      layout_loops_cross, old_standard_altar, uniq_menkaure
D:5:      layout_rooms, mainiacjoe_overflow_six_doors_small, uniq_pikel,
          uniq_eustachio
D:6:      layout_loops_ring, grunt_ashenzari_visionary
          [grunt_ashenzari_visionary_shoals, grunt_ashenzari_visionary_snake],
          serial_shops, kennysheep_mini_moat, dreamdust_princess_bridge
D:7:      corexii_shack_village, layout_basic,
          nicolae_overflow_quartered_altars, temple_pool_b, uniq_maggie
D:8:      layout_cave_pools, grunt_dithmenos_smoke
D:9:      layout_stronghold, david_lair_generic, erik_orc_1

Skill      XL: |  1  2  3  4  5  6  7  8  9 10 |
---------------+-------------------------------+-----
Fighting       | 2 3 4 5 6 7 |  7.4
Unarmed Combat | 4 5 6 8 10 11 | 11.0
Shapeshifting  | 4 5 6 |  6.9
Dodging        | 3 4 |  4.4

Action                     |  1- 3 |  4- 6 |  7- 9 | 10-12 || total
---------------------------+-------+-------+-------+-------++-------
  Melee: Unarmed           |    47 |    49 |   200 |    93 ||   389
         Constrict         |     9 |     9 |    60 |    25 ||   103
         Tentacles         |    14 |     7 |    48 |    21 ||    90
         Punch             |     2 |     4 |    15 |     5 ||    26
  Throw: Dart              |       |     5 |       |       ||     5
    Use: Scroll            |       |     4 |     6 |     2 ||    12
         Potion            |       |       |       |     2 ||     2
   Stab: Sleeping          |     3 |     7 |     4 |       ||    14
         Distracted        |       |       |     2 |     1 ||     3
 Armour: Skin              |     3 |     1 |    34 |    18 ||    56
  Dodge: Dodged            |    28 |    12 |   100 |    64 ||   204

Table legend: (Time is in decaauts)
 A = Elapsed time spent in this place.
 B = Non-inter-level travel time spent in this place.
 C = Inter-level travel time spent in this place.
 D = Time resting spent in this place.
 E = Time spent auto-exploring this place.
 F = Levels seen in this place.
 G = Mean time per level.
                   A        B        C        D        E       F      G
               +--------+--------+--------+--------+--------+-----+--------+
         Total |   8337 |   8032 |    305 |    596 |   5762 |  10 |  833.7 |
       Dungeon |   8277 |   7972 |    305 |    596 |   5735 |   9 |  919.7 |
         Sewer |     60 |     60 |      0 |      0 |     27 |   1 |   60.0 |
               +--------+--------+--------+--------+--------+-----+--------+

Top non-repeatable levels by time:
     D:7: 1418 daAuts
     D:1: 1188 daAuts
     D:4: 1007 daAuts
     D:8: 947 daAuts
     D:6: 820 daAuts
     D:3: 779 daAuts
     D:5: 765 daAuts
     D:9: 736 daAuts
     D:2: 613 daAuts
   Sewer: 60 daAuts
